 Dungeon Crawl Stone Soup version 0.21.1-1-g345015fe64 (webtiles) character file.

199 Holzbalken the Chiller (level 5, -12/35 HPs)
             Began as a Merfolk Ice Elementalist on July 13, 2018.
             Blown up by a great orb of eyes (43 damage)
             ... with a disintegration bolt
             ... on level 1 of the Abyss.
             The game lasted 00:18:50 (3624 turns).

Holzbalken the Chiller (Merfolk Ice Elementalist)   Turns: 3624, Time: 00:18:51

Health: -12/35     AC:  9    Str:  9    XL:     5   Next: 77%
Magic:  8/10       EV: 13    Int: 15    God:
Gold:   91         SH:  0    Dex: 14    Spells: 4/10 levels left

rFire    . . .     SeeInvis .   o - +0 dagger (venom)
rCold    . . .     Gourm    .   (no shield)
rNeg     . . .     Faith    .   l - +0 leather armour
rPois    .         Spirit   .   (no helmet)
rElec    .         Reflect  .   (no cloak)
rCorr    .         Harm     .   (no gloves)
MR       .....                  i - +0 pair of boots
Stlth    ++........             (no amulet)
HPRegen  0.11/turn              (no ring)
MPRegen  0.12/turn              (no ring)

@: icy armour, slow
A: change form in water, swift swim, stealthy swim
a: no special abilities


You were on level 1 of the Abyss.
You were not hungry.

You visited 1 branch of the dungeon, and saw 2 of its levels.
You visited the Abyss 1 time.

You collected 91 gold pieces.

Inventory:

Hand Weapons
 o - a +0 dagger of venom (weapon)
Armour
 a - a +0 robe
 i - a +0 pair of boots (worn)
 l - a +0 leather armour (worn)
Scrolls
 d - 3 scrolls of identify {unknown}
 e - a scroll of immolation {unknown}
 f - 2 scrolls of remove curse {unknown}
 h - a scroll of magic mapping {unknown}
 m - a scroll of enchant weapon {unknown}
Potions
 j - a potion of flight {unknown}
 k - a potion of agility {unknown}
 n - a potion of heal wounds {unknown}
Books
 b - a book of Frost

   Spells                             Type                      Level
   a - Freeze                         Ice                          1
   b - Throw Frost                    Conjuration/Ice              2
   c - Ozocubu's Armour               Charms/Ice                   3
   d - Throw Icicle                   Conjuration/Ice              4
   e - Summon Ice Beast               Ice/Summoning                4
Comestibles
 c - 5 rations


   Skills:
 + Level 3.8 Dodging
 - Level 2.1 Stealth
 * Level 3.4 Spellcasting
 * Level 1.4 Conjurations
 * Level 1.3 Charms
 * Level 4.7 Ice Magic


You had 4 spell levels left.
You knew the following spells:

 Your Spells              Type           Power        Failure   Level  Hunger
a - Freeze                Ice            ###.         3%          1    None
b - Throw Frost           Conj/Ice       ##....       11%         2    ##.....
c - Ozocubu's Armour      Chrm/Ice       ##......     22%         3    ###....


Dungeon Overview and Level Annotations

Branches:
Dungeon (2/15)

Altars:
Kikubaaqudgha

Annotations:
D:2 Sigmund


Message History

Confirm with . or Enter, or press ? or * to list all spells.
Aiming: Freeze
Press: ? - help, Shift-Dir - straight line, f - Sigmund
Aim: Sigmund, wielding a scythe of distortion, wearing a robe and carrying a wand of flame (16)
You freeze Sigmund.
Sigmund is lightly wounded.
Sigmund hits you with a scythe of distortion.
You are cast into the Abyss!
To return, you must find a gate leading back.
Killing monsters will force the Abyss to allow you passage.
This branch contains the abyssal rune of Zot.
Found 17 bolts and 9 stones.
You start resting.
All of the chunks of flesh in your inventory have rotted away.
A great orb of eyes comes into view.
The great orb of eyes turns its gaze towards you.
The great orb of eyes gazes at you.
You are blasted!
Ouch! That really hurt!
You die...

.# #. ..#.### #.
....#..#.######.##
..............#...
..................##
..........#......#.#
............#.....#
.............#@..#
..............#.#
..............## #
.....⌠.......#..#
..#........'....#
#........'...#..
....⌠........##..#.
.... ..G.....## .#.#
...........(... #..


You could see a great orb of eyes.

Vanquished Creatures
  Natasha (twice) (D:1)
  2 orc wizards (D:2)
  4 adders
  A worm (D:2)
  3 dart slugs (D:1)
  2 leopard geckos
  An orc (D:2)
  A ball python (D:1)
  6 goblins
  4 hobgoblins
  7 jackals (D:2)
  8 kobolds
  6 bats
  4 frilled lizards (D:1)
  4 rats
55 creatures vanquished.

Notes
Turn   | Place    | Note
-------+----------+-------------------------------------------
     0 | D:1      | Holzbalken the Merfolk Ice Elementalist began the quest for the Orb.
     0 | D:1      | Reached XP level 1. HP: 13/13 MP: 3/3
   218 | D:1      | Reached XP level 2. HP: 18/19 MP: 3/5
   468 | D:1      | Learned a level 2 spell: Throw Frost
  1097 | D:1      | Reached XP level 3. HP: 21/24 MP: 2/6
  1426 | D:2      | Noticed Natasha
  1433 | D:1      | Killed Natasha
  1433 | D:1      | Reached skill level 4 in Ice Magic
  1433 | D:1      | Reached XP level 4. HP: 17/30 MP: 1/8
  1676 | D:2      | Learned a level 3 spell: Ozocubu's Armour
  1737 | D:2      | Found an ancient bone altar of Kikubaaqudgha.
  1788 | D:2      | Reached skill level 1 in Conjurations
  2015 | D:2      | Reached XP level 5. HP: 17/35 MP: 3/9
  2219 | D:2      | Reached skill level 1 in Charms
  2629 | D:2      | Noticed Sigmund
  2667 | D:1      | Noticed Natasha
  2686 | D:1      | Killed Natasha
  3608 | D:2      | Cast into level 1 of the Abyss (Sigmund)
  3619 | Abyss:1  | Noticed a great orb of eyes
  3624 | Abyss:1  | Blown up by a great orb of eyes

Skill      XL: |  1  2  3  4  5 |
---------------+----------------+-----
Dodging        | 3 |  3.8
Ice Magic      | 4 |  4.7
Spellcasting   | 3 |  3.4
Conjurations   | 1 |  1.4
Charms         | 1 |  1.3
Stealth        | |  2.1

Action                   |  1- 3 |  4- 6 || total
-------------------------+-------+-------++-------
Melee: Unarmed           |    11 |     6 ||    17
       Dagger            |       |     2 ||     2
 Cast: Freeze            |    41 |    71 ||   112
       Throw Frost       |     1 |       ||     1
       Ozocubu's Armour  |       |     2 ||     2
  Eat: Chunk             |     2 |     7 ||     9
Armor: Robe              |    10 |     1 ||    11
       Leather armour    |       |    14 ||    14
Dodge: Dodged            |    24 |    51 ||    75
